Map: [ESL] Dragon Scales

Players

Lambo - Winner!

  • Race: Zerg Zerg
  • Spawn Location: 5:00

Bunny

  • Race: Terran Terran
  • Spawn Location: 11:00

Event: ESL SC2 Masters 2023 Summer (Finals)

VOD

Have the link to the VOD?

Description

Time

  • Played on: June 17, 2023, 10 a.m.
  • Length: 10:08

All games in this series

Show
View Real Time Build Order
Export as new Build Order

Lambo Zerg - Winner!

Build Orders: Hatch First 

Get SALT Encoding   

  12  0:00  Drone  
  13  0:12  Overlord  
  13  0:17  Drone  
  14  0:30  Drone x2  
  16  0:47  Hatchery  
  15  0:50  Drone  
  15  0:53  Drone  
  18  0:57  Drone  
  18  1:08  Extractor  
  17  1:12  Spawning Pool  
  17  1:16  Drone  
  17  1:19  Drone  
  18  1:27  Drone  
  19  1:38  Drone  
  20  1:48  Drone  
  21  1:59  Queen x2  
  21  2:00  Zergling x4  
  27  2:10  Drone, Overlord  
  28  2:19  Hatchery  
  27  2:24  Drone  
  27  2:29  Drone  
  29  2:34  Drone x2  
  30  2:39  Queen  
  30  2:43  Metabolic Boost  
  32  2:48  Overlord  
  32  2:52  Drone  
  32  2:55  Drone  
  32  2:57  Drone  
  35  3:06  Queen  
  35  3:07  Drone x2  
  35  3:12  Drone x2  
  41  3:16  Drone  
  41  3:17  Drone  
  41  3:19  Overlord  
  43  3:25  Overlord  
  43  3:31  Queen  
  43  3:33  Queen  
  47  3:38  Drone  
  47  3:39  Drone  
  49  3:42  Queen  
  49  3:48  Drone x3  
  54  3:50  Overlord  
  54  3:53  Drone  
  54  3:55  Zergling x2  
  56  3:56  Overlord  
  56  3:58  Drone  
  56  4:01  Drone  
  58  4:03  Drone  
  58  4:04  Drone  
  58  4:07  Overlord  
  58  4:08  Zergling x2  
  61  4:13  Drone x3  
  64  4:17  Queen  
  64  4:19  Drone  
  67  4:25  Zergling x4  
  67  4:26  Drone x3  
  67  4:30  Lair  
  72  4:32  Extractor  
  72  4:34  Drone x2  
  72  4:38  Drone  
  74  4:40  Drone  
  75  4:46  Drone  
  75  4:48  Hatchery  
  75  4:50  Spore Crawler x2  
  75  4:51  Drone x3  
  76  4:56  Zergling x4  
  78  5:01  Drone x4  
  78  5:02  Spore Crawler  
  78  5:04  Drone  
  82  5:09  Spore Crawler  
  82  5:10  Drone  
  82  5:12  Baneling Nest  
  80  5:15  Drone  
  80  5:17  Overlord  
  81  5:26  Extractor  
  81  5:27  Hatchery  
  81  5:28  Drone  
  81  5:31  Overlord  
  81  5:33  Overlord  
  81  5:34  Evolution Chamber  
  81  5:35  Zergling x2, Evolution Chamber  
  80  5:36  Extractor, Queen  
  80  5:37  Overlord  
  80  5:40  Hatchery  
  80  5:41  Drone x5  
  80  5:42  Overseer  
  85  5:43  Drone x2  
  85  5:45  Drone  
  85  5:46  Drone  
  89  5:52  Drone x5  
  89  5:56  Drone x3  
  97  6:02  Drone x3  
  100  6:06  Centrifugal Hooks, Zerg Ground Armor Level 1  
  100  6:13  Zergling x14  
  100  6:16  Zerg Melee Weapons Level 1  
  107  6:25  Overlord  
  107  6:26  Hatchery, Zergling x4  
  107  6:27  Zergling x2  
  107  6:30  Overlord  
  107  6:31  Zergling x4  
  111  6:36  Zergling x4  
  111  6:37  Overlord x2  
  111  6:39  Overlord  
  113  6:41  Overlord  
  113  6:42  Drone  
  114  6:47  Overlord, Overseer  
  114  6:49  Zergling x8  
  114  6:50  Baneling x5  
  118  6:55  Zergling x12  
  118  6:58  Baneling x4  
  118  7:01  Zergling x4  
  126  7:06  Queen x2  
  126  7:08  Zergling x8  
  134  7:09  Baneling x2  
  134  7:11  Baneling  
  134  7:12  Baneling x6  
  134  7:15  Zergling x8  
  138  7:18  Zergling x8  
  138  7:19  Baneling  
  138  7:20  Baneling x2  
  142  7:24  Zergling x10  
  142  7:25  Zergling x2  
  148  7:35  Overlord  
  148  7:36  Zergling x18  
  157  7:39  Baneling x5  
  157  7:41  Zergling x6  
  154  7:53  Zergling x18  
  137  7:59  Zergling x8  
  139  8:06  Queen  
  139  8:09  Zergling x10  
  139  8:10  Baneling x9  
  139  8:12  Zergling x4  
  148  8:14  Drone  
  148  8:18  Zergling x4  
  151  8:23  Zergling x12  
  153  8:27  Baneling x5  
  153  8:29  Zergling x8  
  153  8:31  Baneling x2  
  153  8:34  Zergling x10  
  160  8:38  Zergling x6  
  160  8:40  Zergling x4  
  157  8:44  Zergling x2  
  157  8:45  Zergling x4  
  152  8:48  Zergling x12  
  152  8:53  Zergling x8  
  153  8:57  Zergling x16  
  153  8:58  Baneling x12  
  153  9:00  Zergling x2  
  162  9:03  Zergling x2  
  162  9:04  Zergling x2  
  166  9:10  Zergling x12  
  168  9:17  Zergling x14  
  168  9:21  Zergling x4  
  172  9:25  Zergling x4  
  172  9:27  Baneling x5  
  172  9:30  Zergling x12  
  173  9:35  Zergling x10  
  173  9:37  Baneling x6  
  168  9:44  Zergling x2  
  168  9:45  Zergling x18  
  161  9:51  Infestation Pit  
Show
View Real Time Build Order
Export as new Build Order

Bunny Terran 

Build Orders: Reaper Expand, Hellion Banshee 

Get SALT Encoding   

  12  0:00  SCV  
  13  0:12  SCV  
  14  0:17  Supply Depot  
  14  0:24  SCV  
  15  0:39  Barracks, SCV  
  16  0:42  Refinery  
  16  0:51  SCV  
  17  1:03  SCV  
  18  1:15  SCV  
  19  1:27  Orbital Command, Reaper  
  20  1:37  Command Center  
  20  1:49  Supply Depot  
  20  1:53  SCV  
  21  1:58  Marine  
  22  2:05  SCV  
  22  2:07  Factory  
  23  2:17  SCV  
  23  2:19  Barracks Reactor  
  24  2:29  SCV  
  25  2:41  SCV  
  25  2:42  Command Center  
  26  2:50  Orbital Command  
  26  2:53  SCV  
  26  2:58  Starport  
  27  3:03  Refinery  
  28  3:05  SCV  
  28  3:06  Hellion  
  28  3:12  Hellion  
  32  3:17  SCV, Barracks Tech Lab  
  32  3:18  SCV  
  33  3:28  Hellion  
  33  3:29  SCV  
  33  3:30  SCV  
  33  3:34  Hellion  
  39  3:41  Banshee  
  39  3:42  SCV x2  
  44  3:50  Marine  
  44  3:53  Cloaking Field  
  44  3:54  Hellion  
  44  3:55  Orbital Command  
  47  3:58  Hellion  
  47  4:02  SCV x2  
  51  4:09  Barracks Tech Lab  
  51  4:14  SCV x2  
  53  4:22  Supply Depot  
  55  4:24  Banshee  
  55  4:28  Marine  
  55  4:31  SCV x2  
  59  4:35  Barracks, Stimpack  
  59  4:36  Orbital Command, Refinery x2  
  59  4:37  Barracks  
  59  4:43  SCV x2  
  59  4:45  Factory Reactor  
  61  4:47  Engineering Bay  
  61  4:49  Engineering Bay  
  61  4:55  SCV x2  
  63  5:05  SCV  
  62  5:13  SCV x2  
  64  5:17  SCV  
  64  5:18  Supply Depot  
  65  5:22  Supply Depot  
  65  5:23  Barracks x2, Supply Depot  
  65  5:29  Starport Reactor  
  65  5:30  Marine  
  65  5:31  Marine x2  
  65  5:33  SCV  
  69  5:39  Marine x2  
  69  5:40  SCV x2, Siege Tank  
  76  5:45  SCV  
  76  5:48  Marine  
  76  5:49  Marine x2  
  80  5:52  SCV x2, Supply Depot x2  
  80  5:53  Supply Depot  
  82  6:01  Marine x2  
  84  6:05  Medivac  
  84  6:06  SCV x3, Medivac, Marine x2  
  93  6:12  Barracks Reactor x2  
  93  6:13  Marine, Siege Tank  
  93  6:15  Combat Shield  
  94  6:18  Marine  
  94  6:19  Marine  
  94  6:22  SCV x2  
  94  6:23  SCV  
  94  6:24  Marine x2  
  101  6:31  Marine  
  102  6:35  Medivac  
  102  6:36  Marine x2, Medivac  
  108  6:42  SCV x3, Marine x2  
  108  6:43  Armory  
  108  6:45  Siege Tank  
  116  6:48  Marine  
  116  6:53  Supply Depot  
  117  6:54  Marine x2, Supply Depot  
  117  6:58  Supply Depot  
  117  6:59  Marine x4  
  117  7:00  Marine x2  
  123  7:05  Supply Depot  
  123  7:06  Marine  
  124  7:12  Marine  
  124  7:14  Marine, Medivac x2  
  130  7:17  Marine x4  
  130  7:19  Siege Tank  
  136  7:24  Marine  
  136  7:25  Marine x2  
  136  7:28  Supply Depot x2  
  136  7:29  Marine  
  138  7:32  Marine  
  138  7:35  Marine  
  139  7:39  Marine x3  
  139  7:42  Marine x2  
  139  7:43  Marine  
  142  7:44  Medivac x2  
  142  7:47  Marine  
  142  7:50  Marine  
  142  7:51  Siege Tank  
  150  7:53  Marine  
  150  7:57  Marine x3  
  123  8:00  Marine x3  
  123  8:02  Terran Infantry Weapons Level 1, Terran Infantry Armor Level 1  
  123  8:05  Marine  
  123  8:08  Marine  
  123  8:10  Marine  
  126  8:14  Liberator  
  126  8:15  Marine x3  
  126  8:18  Marine x2  
  134  8:23  Marine x2  
  134  8:26  Marine, Siege Tank  
  139  8:28  Marine  
  139  8:31  Supply Depot  
  139  8:33  Barracks, Marine x3  
  142  8:34  Barracks  
  142  8:36  Marine  
  137  8:41  Liberator  
  137  8:48  Marine x5  
  139  8:50  Marine  
  139  8:51  Marine x2  
  139  8:53  Marine  
  145  8:58  Siege Tank  
  145  9:02  Barracks  
  148  9:03  Supply Depot  
  148  9:05  Liberator  
  148  9:06  Marine x2  
  148  9:07  Command Center  
  153  9:13  Marine x2  
  153  9:14  Marine x5  
  160  9:24  Marine  
  153  9:25  Marine  
  153  9:30  Siege Tank  
  149  9:33  Marine x9  
  154  9:41  Marine  
  154  9:43  Marine  
Tags
 
Add a new tag
Caveats
  • Supply blocks, unpowered buildings, or Contaminate may cause inaccurate times.
  • Supply counts are checked every 10 seconds.